 Dungeon Crawl Stone Soup version 0.31-a0-986-g5e6e4ef867 (webtiles) character file.

Game seed: 8699875859247974505

345 mandarbmax the Shooter (level 6, -3/44 HPs)
             Began as a Human Hunter on Nov 18, 2023.
             Slain by an ice beast (10 damage)
             ... on level 4 of the Dungeon.
             The game lasted 00:05:20 (2918 turns).

mandarbmax the Shooter (Human Hunter)               Turns: 2918, Time: 00:05:20

Health: -3/44      AC:  3    Str: 17    XL:     6   Next: 90%
Magic:  6/6        EV: 12    Int:  9    God:
Gold:   179        SH:  0    Dex: 19    Spells: 5/5 levels left

rFire   . . .        a - +0 shortbow
rCold   . . .        (shield currently unavailable)
rNeg    . . .        f - +1 robe {Will+}
rPois   .            (no helmet)
rElec   .            o - scarf {harm}
rCorr   .            (no gloves)
SInv    .            (no boots)
Will    +....        (no amulet)
Stlth   ++           g - +6 ring of strength
HPRegen 0.27/turn    (no ring)
MPRegen 0.10/turn

%: harm (+30% outgoing, +20% incoming)
@: no status effects
A: no striking features
a: no special abilities


You were on level 4 of the Dungeon.
You visited 1 branch of the dungeon, and saw 4 of its levels.

You collected 179 gold pieces.

Inventory:

Hand Weapons
 a - a +0 shortbow (weapon)
Armour
 e - a scarf of invisibility
 f - a +1 robe of willpower (worn)
 o - a scarf of harm (worn)
Jewellery
 g - a +6 ring of strength (left hand)
 p - a ring of poison resistance
Scrolls
 b - a scroll of butterflies
 d - 2 scrolls of immolation
 h - 4 scrolls of identify {unknown}
 i - 3 scrolls of teleportation {unknown}
 k - a scroll of fog {unknown}
 l - a scroll of noise {unknown}
 m - a scroll of fear {unknown}
Potions
 c - a potion of heal wounds
 j - a potion of curing {unknown}
 n - a potion of haste


   Skills:
 - Level 2.0 Fighting
 + Level 7.7 Ranged Weapons
 - Level 2.0 Dodging
 - Level 1.0 Stealth


You had 5 spell levels left.
You didn't know any spells.
Your spell library was empty.

Dungeon Overview and Level Annotations

Branches:
Dungeon (4/15)
 Temple: D:4-7

Altars:
Qazlal


Message History

The arrow hits the adder!
You kill the adder!
The ice beast closely misses you.
Fire: a) +0 shortbow
Press: ? - help, Q - select action Shift-Dir - straight line, f - ice beast
Aim: an ice beast (moderately wounded, 65% to hit)
You shoot an arrow. The arrow hits the ice beast!
The ice beast is severely wounded.
The ice beast hits you. The ice beast freezes you.
Fire: a) +0 shortbow
Press: ? - help, Q - select action Shift-Dir - straight line, f/p - ice beast
Aim: an ice beast (severely wounded, 65% to hit)
You shoot an arrow. The arrow hits the ice beast.
The ice beast is almost dead.
The ice beast hits you. The ice beast freezes you!
* * * LOW HITPOINT WARNING * * *
Fire: a) +0 shortbow
Press: ? - help, Q - select action Shift-Dir - straight line, f/p - ice beast
Aim: an ice beast (almost dead, 65% to hit)
You shoot an arrow.
The arrow hits the ice beast but does no damage.
The ice beast is almost dead.
The ice beast completely misses you.
Fire: a) +0 shortbow
Press: ? - help, Q - select action Shift-Dir - straight line, f/p - ice beast
Aim: an ice beast (almost dead, 65% to hit)
You shoot an arrow.
The arrow hits the ice beast but does no damage.
The ice beast is almost dead.
The ice beast closely misses you.
Fire: a) +0 shortbow
Press: ? - help, Q - select action Shift-Dir - straight line, f/p - ice beast
Aim: an ice beast (almost dead, 65% to hit)
You shoot an arrow.
The arrow hits the ice beast but does no damage.
The ice beast is almost dead.
The ice beast hits you.
* * * LOW HITPOINT WARNING * * *
The ice beast freezes you!
You die...

#.# #.# #.# #.# #.# #.#
#†# #Y# ######@#####
#.# #..........# #.#
#.####.###.# #.# #.#
#.# #.# #.# #.#
#.###.#### #.## #.#
#........# #.. #.#
##.###.##.# #.#
#.###.#.##.##.# #.###
#.##.###....#.#####....


You could see an ice beast.

Vanquished Creatures
  An ogre (D:4)
  2 orc priests
  An orc wizard (D:3)
  An iguana (D:4)
  5 adders
  A worm (D:2)
  A dart slug (D:4)
  10 orcs
  7 ball pythons
  9 endoplasms
  A giant cockroach (D:3)
  3 hobgoblins
  6 jackals (D:1)
  4 quokkas
  4 bats
  2 frilled lizards
  4 goblins
  9 kobolds
  3 rats
74 creatures vanquished.

Vanquished Creatures (others)
  An orc wizard (D:3)
1 creature vanquished.

Grand Total: 75 creatures vanquished

Notes
Turn   | Place    | Note
-------+----------+-------------------------------------------
     0 | D:1      | mandarbmax the Human Hunter began the quest for the Orb.
     0 | D:1      | Reached XP level 1. HP: 16/16 MP: 1/1
   169 | D:1      | Reached XP level 2. HP: 12/22 MP: 2/2
   230 | D:1      | Found a faded altar of an unknown god.
   737 | D:2      | Reached XP level 3. HP: 10/27 MP: 3/3
   943 | D:2      | Reached skill level 5 in Ranged Weapons
  1334 | D:2      | Reached XP level 4. HP: 30/33 MP: 4/4
  1458 | D:2      | Found a stormy altar of Qazlal.
  1592 | D:3      | Reached skill level 6 in Ranged Weapons
  1592 | D:3      | Reached XP level 5. HP: 38/38 MP: 5/5
  2463 | D:4      | Reached XP level 6. HP: 35/44 MP: 6/6
  2486 | D:4      | Reached skill level 7 in Ranged Weapons
  2781 | D:4      | Noticed an ogre
  2794 | D:4      | Killed an ogre
  2894 | D:4      | Noticed an ice beast
  2918 | D:4      | Slain by an ice beast

Illustrated notes

Levels and vault maps discovered:
D:1:      dreamdust_arrival_sigmund_warning, layout_basic, serial_curves,
          eino_curves_01, eino_curves_03, hellmonk_ecumenical_altar_blasted,
          chequers_serial_rivers_micro_a
D:2:      layout_loops_ring, basic_altar
D:3:      layout_loops_ring
D:4:      layout_loops_ring, grunt_decor_one_mirror, minmay_manual_mail

Skill      XL: |  1  2  3  4  5  6 |
---------------+-------------------+-----
Ranged Weapons | 5 6 7 |  7.7
Fighting       | |  2.0
Dodging        | |  2.0
Stealth        | |  1.0

Action                     |  1- 3 |  4- 6 || total
---------------------------+-------+-------++-------
   Fire: Shortbow          |   111 |   182 ||   293
    Use: Potion            |       |     3 ||     3
 Armour: Leather armour    |    68 |    17 ||    85
         Skin              |       |    10 ||    10
         Robe              |       |    23 ||    23
  Dodge: Dodged            |    56 |    34 ||    90

Table legend: (Time is in decaauts)
 A = Elapsed time spent in this place.
 B = Non-inter-level travel time spent in this place.
 C = Inter-level travel time spent in this place.
 D = Time resting spent in this place.
 E = Time spent auto-exploring this place.
 F = Levels seen in this place.
 G = Mean time per level.
                   A        B        C        D        E       F      G
               +--------+--------+--------+--------+--------+-----+--------+
         Total |   2939 |   2877 |     62 |     17 |   2355 |   4 |  734.8 |
       Dungeon |   2939 |   2877 |     62 |     17 |   2355 |   4 |  734.8 |
               +--------+--------+--------+--------+--------+-----+--------+

Top non-repeatable levels by time:
     D:3: 893 daAuts
     D:2: 824 daAuts
     D:1: 727 daAuts
     D:4: 493 daAuts
